 Dungeon Crawl Stone Soup version 0.31-a0-1603-gbec6b6ccbf (webtiles) character file.

Game seed: 16408060532829801596

16971 freelancePsychic the Toxicologist (level 12, -32/79 HPs)
             Began as a Deep Elf Earth Elementalist on Jan 8, 2024.
             Was a Priest of Vehumet.
             Annihilated by Donald
             ... wielding a +2 heavy war axe
              (46 damage)
             ... on level 2 of the Orcish Mines.
             The game lasted 00:27:40 (17108 turns).

freelancePsychic the Toxicologist (DEEE)           Turns: 17108, Time: 00:27:40

Health: -32/79     AC: 10    Str:  5    XL:     12   Next: 14%
Magic:  14/30      EV: 12    Int: 32    God:    Vehumet [***...]
Gold:   932        SH:  8    Dex: 20    Spells: 12/25 levels left

rFire   + . .        B - +6 Majin-Bo {spellvamp, MP+6 Int+6}
rCold   . . .        v - +2 buckler {reflect}
rNeg    . . .        Q - +0 troll leather armour
rPois   +            e - +2 helmet
rElec   .            k - +0 cloak
rCorr   .            (no gloves)
SInv    .            s - +2 pair of boots
Will    +....        S - amulet of magic regeneration
Stlth   +++          l - ring of wizardry
HPRegen 1.13/turn    i - ring of the Enemy {rPois rF+ Dex+5 Stlth+}
MPRegen 0.62/turn

%: reflection, wizardry (x1)
@: radiating poison
A: no striking features
a: Renounce Religion


You were on level 2 of the Orcish Mines.
You worshipped Vehumet.
Vehumet was most pleased with you.
You visited 3 branches of the dungeon, and saw 15 of its levels.
You also visited: Sewer and Ossuary.

You collected 1800 gold pieces.
You spent 868 gold pieces at shops.

Inventory:

Hand Weapons
 m - a +0 short sword of venom
 B - the +6 Majin-Bo (weapon) {spellvamp, MP+6 Int+6}
   (You acquired it on level 11 of the Dungeon)

   Int+6:     It affects your intelligence (+6).
   MP+6:      It affects your magic capacity (+6).
Missiles
 n - a throwing net
Armour
 e - a +2 helmet (worn)
 k - a +0 cloak (worn)
 s - a +2 pair of boots (worn)
 v - a +2 buckler of reflection (worn)
 L - a +1 leather armour of cold resistance
 Q - a +0 troll leather armour (worn)
Jewellery
 c - an amulet of regeneration
 i - the ring of the Enemy (right hand) {rPois rF+ Dex+5 Stlth+}
   (You bought it in a shop on level 4 of the Dungeon)

   [ring of protection from fire]

   Dex+5:     It affects your dexterity (+5).
   rF+:       It protects you from fire.
   rPois:     It protects you from poison Stlth+: It makes you more stealthy.
 l - a ring of wizardry (left hand)
 t - the ring "Jesis" {rF+ Str+2}
   (You found it on level 4 of the Dungeon)

   [ring of protection from fire]

   Str+2:     It affects your strength (+2).
   rF+:       It protects you from fire.
 R - a +6 ring of strength
 S - an amulet of magic regeneration (around neck)
 U - a ring of protection from cold
 W - a ring of ice
 X - a ring of wizardry
Wands
 a - a wand of paralysis (5)
 f - a wand of iceblast (4)
 M - a wand of polymorph (7)
 N - a wand of mindburst (15)
 O - a wand of flame (28)
 V - a wand of light (5)
Scrolls
 g - a scroll of brand weapon
 j - 2 scrolls of poison
 o - 2 scrolls of enchant armour
 r - 2 scrolls of vulnerability {unknown}
 x - 3 scrolls of fear
 y - 2 scrolls of fog
 z - a scroll of silence
 C - a scroll of immolation
 I - a scroll of revelation
 J - a scroll of amnesia
 K - 3 scrolls of enchant weapon
 P - a scroll of summoning {unknown}
 T - 2 scrolls of teleportation {@r4}
 Z - a scroll of blinking {unknown}
Potions
 b - 2 potions of magic
 d - a potion of ambrosia
 h - 4 potions of attraction
 p - 5 potions of enlightenment
 q - a potion of berserk rage {unknown}
 w - 8 potions of curing {@q1}
 A - a potion of resistance {unknown}
 D - a potion of mutation
 E - a potion of cancellation {unknown}
 F - a potion of might {unknown}
 H - 2 potions of brilliance
 Y - 3 potions of haste {unknown}
Miscellaneous
 u - a phantom mirror


   Skills:
 + Level 10.9 Fighting
 - Level 4.0 Dodging
 - Level 2.4 Stealth
 - Level 4.3 Shields
 - Level 7.0 Spellcasting
 - Level 4.0 Conjurations
 - Level 4.7 Earth Magic
 + Level 12.8 Alchemy
 - Level 3.7 Evocations


You had 12 spell levels left.
You knew the following spells:

 Your Spells              Type           Power      Damage    Failure   Level
a - Sandblast             Erth           82%        2d17      1%          1
b - Stone Arrow           Conj/Erth      78%        3d11      1%          3
d - Olgreb's Toxic Radia  Alch           76%        N/A       1%          4
h - Irradiate             Conj/Alch      30%        3d21      1%          5

Your spell library contained the following spells:

 Spells                   Type           Power      Damage    Failure   Level
 Dazzling Flash           Conj/Hex       48%        N/A       1%          3
 Sting                    Conj/Alch      100%       1d9       1%          1
 Mercury Vapours          Alch/Air       100%       N/A       1%          2
 Petrify                  Alch/Erth      61%        N/A       1%          4
 Passwall                 Erth           41%        N/A       2%          3
 Brom's Barrelling Bould  Conj/Erth      39%        2d6       2%          4
 Ensorcelled Hibernation  Hex/Ice        22%        N/A       8%          2
 Sublimation of Blood     Necr           11%        N/A       8%          2
 Fugue of the Fallen      Necr           11%        N/A       14%         3
 Summon Ice Beast         Ice/Summ       11%        N/A       14%         3
 Swiftness                Air            11%        N/A       14%         3
 Animate Armour           Summ/Erth      52%        N/A       17%         4
 Anguish                  Hex/Necr       5%         N/A       41%         4
 Summon Mana Viper        Hex/Summ       11%        N/A       75%         5
 Lehudib's Crystal Spear  Conj/Erth      19%        10d6      99%         8
 Monstrous Menagerie      Summ           5%         N/A       100%        7


Dungeon Overview and Level Annotations

Branches:
Dungeon (12/15)            Temple (1/1) D:4            Lair (0/5) D:9
    Orc (2/2) D:11          Sewer (visited)         Ossuary (visited)
    Elf: Orc:2

Altars:
Ashenzari
Cheibriados
Dithmenos
Elyvilon
Fedhas
Gozag
Hepliaklqana
Kikubaaqudgha
Makhleb
Nemelex Xobeh
Okawaru
Qazlal
Ru
Sif Muna
Trog
Uskayaw
Vehumet
Wu Jian
Xom
Yredelemnul
Zin
The Shining One

Shops:
D:4 [[=*   D:5 :   D:6 *   D:9 (!=*

Annotations:
D:4 2 runed translucent doors, 2 transporters, xnavy's ghost, amateur TeRe
D:9 2 transporters
D:10 1 runed translucent door, jestert79's ghost, novice DrCA
Orc:2 Donald


Message History

Donald blocks the stone arrow with his +0 kite shield of reflection... and reflects it back!
The stone arrow misses you.
You feel better.
Flame seeps out of Donald.
Donald looks as sick as possible!
Flame seeps out of Donald.
Donald is engulfed in blazing flames.
Flame seeps out of Donald.
Casting: Stone Arrow (safe; 1% risk of failure)
Confirm with . or Enter, or press ? or * to list all spells.
Your toxic radiance grows in intensity.
You feel better.
Flame seeps out of Donald.
Donald looks as sick as possible!
You feel better.
Flame seeps out of Donald. x2; Donald is engulfed in blazing flames.
Flame seeps out of Donald.
Donald hits you with a +2 heavy war axe!!
Casting: Olgreb's Toxic Radiance (safe; 1% risk of failure)
Confirm with . or Enter, or press ? or * to list all spells.
Your toxic radiance grows in intensity.
You feel better.
Flame seeps out of Donald.
Donald looks as sick as possible!
You feel better.
Flame seeps out of Donald. x2; Donald is engulfed in blazing flames.
Flame seeps out of Donald.
Donald hits you with a +2 heavy war axe!!
A warg comes into view.
As you read the scroll of fear, it crumbles to dust.
You assume a fearsome visage.
Donald looks frightened!
The warg looks frightened! x2; You feel better.
Flame seeps out of Donald.
Your attack snaps Donald out of his fear.
Donald looks as sick as possible!
Flame seeps out of Donald.
Donald hits you with a +2 heavy war axe!
* * * LOW HITPOINT WARNING * * *
An ogre comes into view. It is wielding a +0 giant club.
Okay, then.
You feel much better.
You feel better.
Flame seeps out of Donald.
You feel better.
The ogre is poisoned.
Flame seeps out of Donald.
Donald hits you with a +2 heavy war axe!!!
Ouch! That really hurt!
* * * LOW HITPOINT WARNING * * *
You feel better.
Flame seeps out of Donald.
You feel better.
Flame seeps out of Donald.
Donald is engulfed in blazing flames.
Flame seeps out of Donald.
Donald hits you with a +2 heavy war axe!!!
Ouch! That really hurt!
You die...
Donald says, "I won.
I... don't hate that."

##..............
................
..$..#..........
.h........$.....
................
................
................
......○@@.......
....§.§.........
.....§§.........
.....§§........#
.............O..
................
..............$.
................


You could see Donald (fast, inner flame, strong, extremely poisoned,
reflecting), a warg (fleeing) and an ogre (poisoned).

Vanquished Creatures
  Snorg (Orc:1)
  A boulder beetle (D:11)
  A two-headed ogre (D:10)
  A tengu warrior (D:9)
  Pikel (D:9)
  A cyclops (D:11)
  An orc sorcerer (Orc:2)
  An ugly thing (D:9)
  A kobold blastminer (Orc:1)
  3 gargoyles
  A kobold demonologist (D:10)
  7 trolls
  A hornet (D:10)
  Grinder (D:3)
  2 wraiths
  3 shadows
  Sigmund (D:3)
  3 slime creatures (D:12)
  2 spriggans
  13 yaks
  A wyvern (D:9)
  Menkaure (D:5)
  A water moccasin (D:8)
  7 orc warriors
  5 sky beasts
  Duvessa (D:5)
  An ice beast (D:6)
  6 ogres
  4 centaurs
  A lemure (D:9)
  2 phantoms
  A kobold brigand (D:8)
  2 bullfrogs
  A gnoll sergeant (D:9)
  3 scorpions
  A brain worm (Sewer)
  8 wights
  A burial acolyte (Ossuary)
  Dowan (D:5)
  9 killer bees
  2 howler monkeys
  3 hounds
  14 orc priests
  2 sleepcaps (D:6)
  2 bombardier beetles
  A gnoll bouda (D:9)
  3 jellies
  3 iguanas
  10 orc wizards
  3 scorpion zombies (D:6)
  Ijyb (D:4)
  A mummy (Ossuary)
  9 gnolls
  5 howler monkey skeletons (D:6)
  A river rat (Sewer)
  9 adders
  2 shadow imps (D:5)
  2 white imps (D:6)
  4 ufetubi (D:6)
  5 ribbon worms
  4 dart slugs
  38 orcs
  11 bats
  6 endoplasms
  8 giant cockroaches
  5 goblins
  2 hobgoblins (D:4)
  8 jackals
  6 quokkas
  13 ball pythons
  A frilled lizard (Sewer)
  6 gnoll skeletons (Ossuary)
  9 kobolds
  9 kobold skeletons (Ossuary)
  5 orc skeletons (Ossuary)
  3 rats
319 creatures vanquished.

Vanquished Creatures (collateral kills)
  Jeremiah (D:6)
  An orc warrior (D:6)
2 creatures vanquished.

Grand Total: 321 creatures vanquished

Notes
Turn   | Place    | Note
-------+----------+-------------------------------------------
     0 | D:1      | freelancePsychic the Deep Elf Earth Elementalist began the
                  | quest for the Orb.
     0 | D:1      | Reached XP level 1. HP: 10/10 MP: 6/6
   377 | D:1      | Reached XP level 2. HP: 15/15 MP: 4/8
  1165 | D:2      | Reached XP level 3. HP: 20/20 MP: 3/9
  1433 | D:2      | Learned a level 3 spell: Stone Arrow
  2199 | D:3      | Noticed Grinder
  2367 | D:3      | Reached skill level 1 in Fighting
  2613 | D:3      | Noticed Sigmund
  2669 | D:4      | Found a glowing silver altar of Zin.
  2739 | D:4      | Found Laqeykhlo's Jewellery Shop.
  2747 | D:4      | Found a glowing drain.
  2761 | D:4      | Reached XP level 4. HP: 25/25 MP: 8/10
  2766 | Sewer    | Entered a sewer
  3113 | Sewer    | Noticed a brain worm
  3115 | Sewer    | Killed a brain worm
  3116 | Sewer    | Reached XP level 5. HP: 28/30 MP: 8/11
  3225 | Sewer    | Identified a scroll of acquirement
  3562 | D:4      | Acquired 744 gold pieces
  3576 | D:4      | Bought the ring of the Enemy {rPois rF+ Dex+5 Stlth+} for
                  | 693 gold pieces
  3654 | D:4      | Noticed Ijyb
  3711 | D:4      | Found a large runed translucent door.
  3711 | D:4      | Found a large runed translucent door.
  3717 | D:4      | Reached XP level 6. HP: 35/35 MP: 8/13
  3921 | D:4      | Identified the ring "Jesis" {rF+ Str+2}
  3944 | D:4      | Found a large runed translucent door.
  3944 | D:4      | Found a large runed translucent door.
  4197 | D:4      | Reached XP level 7. HP: 41/41 MP: 3/16
  4306 | D:4      | Reached skill level 1 in Evocations
  4348 | D:4      | Found Pesk's General Store.
  4355 | D:4      | Bought a potion of curing for 30 gold pieces
  4355 | D:4      | Bought a scroll of fear for 40 gold pieces
  4355 | D:4      | Bought a scroll of fog for 40 gold pieces
  4443 | D:4      | Reached skill level 5 in Spellcasting
  4526 | D:4      | Found a transporter.
  4527 | D:4      | Noticed xnavy's ghost (amateur TeRe)
  4533 | D:4      | Found a transporter.
  4560 | D:4      | Found Fojasa Zuyd's Antique Armour Shoppe.
  4572 | D:4      | Found a staircase to the Ecumenical Temple.
  4573 | D:4      | Found Vasos's Armour Shoppe.
  4599 | D:4      | Found an iron altar of Okawaru.
  4729 | D:4      | Found a blossoming altar of Fedhas.
  5022 | D:5      | Entered Level 5 of the Dungeon
  5456 | D:5      | Noticed Dowan
  5488 | D:5      | Noticed Menkaure
  5499 | D:5      | Reached XP level 8. HP: 48/48 MP: 19/19
  5582 | D:5      | Found an ornate altar of the Wu Jian Council.
  5970 | D:5      | Found Uschiytai's Book Shop.
  6077 | D:5      | Noticed Duvessa
  6107 | D:6      | Noticed Jeremiah
  6161 | D:6      | Found a sand-covered staircase.
  6193 | D:6      | Reached skill level 1 in Alchemy
  6205 | Ossuary  | Entered an ossuary
  6756 | Ossuary  | Reached skill level 2 in Alchemy
  6952 | D:6      | Reached skill level 5 in Fighting
  6952 | D:6      | Reached skill level 3 in Alchemy
  7079 | D:6      | HP: 2/49 [orc warrior/+0 glaive (15)]
  7285 | D:6      | Found Uhaavvio's Mail-Order Catalogue.
  7338 | D:6      | Reached skill level 4 in Alchemy
  7812 | D:6      | Reached XP level 9. HP: 54/54 MP: 8/21
  7913 | D:6      | Reached skill level 1 in Shields
  8014 | D:6      | Killed Jeremiah
  8015 | D:6      | Reached skill level 5 in Alchemy
  8745 | D:4      | Killed Ijyb
  8855 | D:3      | Killed Sigmund
  8930 | D:3      | Killed Grinder
  9217 | D:5      | Killed Menkaure
  9218 | D:5      | Reached skill level 6 in Alchemy
  9223 | D:5      | Killed Duvessa
  9228 | D:5      | Killed Dowan
  9603 | D:7      | Found an opulent altar of Gozag.
 10546 | Temple   | Entered the Ecumenical Temple
 10555 | Temple   | Became a worshipper of Vehumet
 10697 | D:7      | Learned a level 5 spell: Irradiate
 10773 | D:5      | Learned a level 4 spell: Olgreb's Toxic Radiance
 10902 | D:8      | Reached skill level 7 in Alchemy
 10986 | D:8      | Reached XP level 10. HP: 63/63 MP: 17/22
 11258 | D:8      | Found a broken altar of Ashenzari.
 11516 | D:9      | Found Eklar's Assorted Antiques.
 11524 | D:9      | Reached * piety under Vehumet
 11524 | D:9      | Offered knowledge of Magic Dart by Vehumet.
 11598 | D:9      | Found Baotholl's Jewellery Shop.
 11632 | D:9      | Found a transporter.
 11632 | D:9      | Found a transporter.
 11637 | D:9      | Noticed a centaur warrior
 11745 | D:9      | Found a shimmering altar of Xom.
 11797 | D:9      | Found a staircase to the Lair.
 12001 | D:9      | Found a bloodstained altar of Trog.
 12120 | D:9      | Reached skill level 8 in Alchemy
 12184 | D:9      | Found Fengarph's Weapon Emporium.
 12205 | D:9      | Noticed Pikel
 12227 | D:9      | Killed Pikel
 12306 | D:9      | Found Gapek's Distillery.
 12312 | D:9      | Bought a potion of heal wounds for 65 gold pieces
 12375 | D:9      | Noticed a red ugly thing
 12452 | D:9      | Killed a red ugly thing
 12544 | D:9      | Reached skill level 9 in Alchemy
 12770 | D:9      | Noticed a tengu warrior
 12789 | D:9      | Killed a tengu warrior
 12932 | D:10     | Entered Level 10 of the Dungeon
 13149 | D:10     | Noticed a two-headed ogre
 13154 | D:10     | Killed a two-headed ogre
 13155 | D:10     | Reached skill level 10 in Alchemy
 13155 | D:10     | Reached XP level 11. HP: 26/69 MP: 8/23
 13332 | D:10     | Found a sacrificial altar of Ru.
 13398 | D:10     | Found a runed translucent door.
 13399 | D:10     | Noticed a four-headed hydra
 13399 | D:10     | Noticed jestert79's ghost (novice DrCA)
 13470 | D:10     | Found a glowing golden altar of the Shining One.
 13566 | D:10     | Found a hazy altar of Hepliaklqana.
 13567 | D:10     | Found a faded altar of an unknown god.
 13575 | D:10     | Reached ** piety under Vehumet
 13575 | D:10     | Offered knowledge of Shock by Vehumet.
 14745 | D:11     | Noticed a boulder beetle
 14756 | D:11     | Killed a boulder beetle
 14848 | D:11     | Reached skill level 11 in Alchemy
 15079 | D:11     | Offered knowledge of Searing Ray by Vehumet.
 15207 | D:11     | Found a staircase to the Orcish Mines.
 15492 | D:11     | Acquired the +6 Majin-Bo {spellvamp, MP+6 Int+6}
 15492 | D:11     | Found the +6 Majin-Bo {spellvamp, MP+6 Int+6}
 15543 | D:12     | Reached skill level 10 in Fighting
 15546 | D:12     | Reached *** piety under Vehumet
 15858 | D:12     | Reached skill level 12 in Alchemy
 16057 | D:12     | Offered knowledge of Dazzling Flash by Vehumet.
 16793 | Orc:1    | Entered Level 1 of the Orcish Mines
 16804 | Orc:1    | Reached XP level 12. HP: 66/79 MP: 19/24
 16996 | Orc:1    | Noticed Snorg
 17006 | Orc:1    | Killed Snorg
 17098 | Orc:2    | Entered Level 2 of the Orcish Mines
 17098 | Orc:2    | Noticed Donald
 17108 | Orc:2    | Annihilated by Donald

Illustrated notes

Levels and vault maps discovered:
D:1:      matt_arrival_diagonals, layout_basic, minmay_surrounded
D:2:      layout_basic
D:3:      layout_basic, uniq_grinder, uniq_sigmund
D:4:      layout_rooms, mainiacjoe_overflow_concentric_impassable,
          lemuel_coloured_pillars_altar, okawaru_trees_1,
          minmay_temple_entry_overgrown, serial_shops,
          nicolae_shop_hallway_plus, shop, kennysheep_little_box,
          nicolae_shop_temple_entry_statues_fountains, gammafunk_ghost_smash,
          gup_sewer_entry_glass, minmay_hollow_rounded_squares, uniq_ijyb
D:5:      layout_basic, nzn_wu_jian_contemplation, serial_shops,
          nicolae_shop_advertising_works [nicolae_subvault_shop_adworks],
          uniq_duvessa, uniq_menkaure
D:6:      layout_basic, mainiacjoe_ossuary_entry_find_the_door, st_stairs_12,
          monkooky_shop_mail_order, uniq_jeremiah
D:7:      layout_loops_ring, lemuel_doored_altar
D:8:      layout_rooms, mainiacjoe_overflow_boulevard
D:9:      minmay_opposing_rooms, layout_basic, gammafunk_temple_overflow_arena,
          lemuel_crystal_altar, lair_entry_dummy, serial_shops, shop, shop,
          shop, shop, uniq_pikel
D:10:     layout_gridville, mainiacjoe_overflow_alcove_4,
          nicolae_ru_awakened_eye, beargit_hepliaklqana_dungeon_heroes,
          ebering_ghost_inner_flame, palyth_stone_intersect,
          nicolae_zen_rock_garden, minmay_holes
D:11:     layout_basic, hiddenorc1_lemuel, the_hattery
D:12:     layout_basic, serial_aquarium, aquarium_bridge_long_joined
          [aquarium_subvault_wall, aquarium_subvault_balcony,
          aquarium_subvault_window, aquarium_subvault_bridge,
          aquarium_subvault_balcony, aquarium_subvault_wall],
          aquarium_window_fake, aquarium_window_1, aquarium_window_1,
          aquarium_window_1, aquarium_view_2d, aquarium_view_2c
Temple:   hellmonk_temple_of_storms
Orc:1:    layout_diamond_mine, uniq_snorg
Orc:2:    st_orc_town, layout_caves, uniq_donald

Skill      XL: |  1  2  3  4  5  6  7  8  9 10 11 |
---------------+----------------------------------+-----
Conjurations   | 2 3 4 |  4.0
Earth Magic    | 4 |  4.7
Fighting       | 1 2 3 4 5 7 8 10 | 10.9
Dodging        | 3 4 |  4.0
Spellcasting   | 4 6 7 |  7.0
Evocations     | 3 |  3.7
Alchemy        | 4 7 10 12 | 12.8
Shields        | 4 |  4.3
Stealth        | |  2.4

Action                     |  1- 3 |  4- 6 |  7- 9 | 10-12 || total
---------------------------+-------+-------+-------+-------++-------
  Melee: Short sword       |     6 |    37 |    95 |    44 ||   182
         Bo                |       |       |       |     2 ||     2
   Cast: Sandblast         |    53 |    45 |       |       ||    98
         Stone Arrow       |       |    21 |   156 |   142 ||   319
         Olgreb's Toxic Ra |       |       |     3 |    66 ||    69
  Evoke: Phantom mirror    |       |       |     2 |       ||     2
         Wand              |       |       |     4 |     9 ||    13
    Use: Scroll            |     3 |     3 |     6 |     9 ||    21
         Potion            |       |       |       |     2 ||     2
   Stab: Sleeping          |     1 |       |     2 |     1 ||     4
 Armour: Robe              |    16 |    35 |    70 |     1 ||   122
         Leather armour    |       |       |       |    83 ||    83
         Troll leather arm |       |       |       |     7 ||     7
  Dodge: Dodged            |    15 |    35 |    70 |    52 ||   172
  Block: Buckler           |       |       |    28 |    39 ||    67
         Reflection        |       |       |       |     3 ||     3

Table legend: (Time is in decaauts)
 A = Elapsed time spent in this place.
 B = Non-inter-level travel time spent in this place.
 C = Inter-level travel time spent in this place.
 D = Time resting spent in this place.
 E = Time spent auto-exploring this place.
 F = Levels seen in this place.
 G = Mean time per level.
                   A        B        C        D        E       F      G
               +--------+--------+--------+--------+--------+-----+--------+
         Total |  17366 |  16228 |   1138 |     32 |  14139 |  17 | 1021.5 |
       Dungeon |  15407 |  14287 |   1120 |     32 |  12637 |  12 | 1283.9 |
        Temple |     18 |     10 |      8 |      0 |      0 |   1 |   18.0 |
  Orcish Mines |    211 |    202 |      9 |      0 |    149 |   2 |  105.5 |
         Sewer |   1000 |   1000 |      0 |      0 |    796 |   1 | 1000.0 |
       Ossuary |    729 |    729 |      0 |      0 |    557 |   1 |  729.0 |
               +--------+--------+--------+--------+--------+-----+--------+

Top non-repeatable levels by time:
     D:6: 2028 daAuts
     D:4: 1785 daAuts
    D:10: 1628 daAuts
     D:5: 1420 daAuts
     D:9: 1417 daAuts
    D:12: 1292 daAuts
     D:2: 1178 daAuts
     D:1: 1065 daAuts
    D:11: 1046 daAuts
   Sewer: 1000 daAuts
     D:7: 917 daAuts
     D:8: 840 daAuts
     D:3: 786 daAuts
 Ossuary: 729 daAuts
   Orc:1: 201 daAuts
